cohdb
Replays
Latest Replays
All Replays
Popular Replays
Top Player Replays
Match Explorer
How It Works
Community
CoH3 Stats
Reddit
Sign in to upload your games and track your stats! →
Sign in with Steam
Match 42432304
Unlisted
Match 42432304
Overview
Messages
Build Orders
End
Kradschützen Motorcycle Team
Panzerpioneer Squad
250 Light Carrier
Construct Light Support Kompanie
Combat Half-tracks
Assault Grenadier Squad
Construct Mechanized Kompanie
Support Armor Elements
Selects Armored Support Battlegroup
Selects Superior Fire Drills
Selects Salvage Kits
StuG III D Assault Gun
Panzerjäger Mechanized Group
Emergency Repair Kits
Marder III Tank Destroyer
Vehicle Survival Package
StuG III D Assault Gun
254 Reconnaissance Tractor
Rapid Advance
Construct Panzerarmee Kommand
Armored Reserves
Selects Panzer Storm
Panzergrenadier Squad
Panzergrenadier Squad
Funky Ayylien
Victor #52
qazxsw
̶H̶e̶c̶t̶o̶r̶
T-800SEP
Monkey CPU
.
Zoro
0
0
Comments
sign in to comment!
No comments posted yet!